AoeStats
← GreatPerson25

Oasis

509297663Analyzed
4v4 RM · 5d ago on Sep 26, 2026· 37m 31s· 8 players
Game mode
Random Map
Map size
Large (8 player)
Population
200
Speed
Normal
Resources
Standard
Victory
Conquest
Starting age
Dark Age
Ending age
Imperial Age
RankedLock teamsTeams togetherTeam positionsShared explorationLock speedFull tech treeHidden civsTurbo modeCheats
Victory
Defeat
🇺🇸 Saracens · United States
1440
+6
🇺🇸 Jurchens · United States
1406
+7
🇺🇸 Ethiopians · United States
1144
+16
🇺🇸 Persians · United States
1108
+17
🇪🇸 Varangians · Spain
1206
-14
1188
-12
🇹🇼 Mongols · Taiwan
1147
-10
🇹🇼 Burgundians · Taiwan
1132
-10
OAO
5:05 Loom
10:47 Feudal Age
12:02 Feudal Age
12:59 Double-Bit Axe
15:53 Castle Age
17:02 Bow Saw
18:22 Scale Barding Armor
21:52 Husbandry
23:24 Chain Barding Armor
24:05 Fletching
27:45 Bloodlines
30:54 Bodkin Arrow
31:10 Squires
31:26 Gold Mining
31:30 Pikeman
55CAI
7:14 Loom
9:52 Feudal Age
8:16 Double-Bit Axe
19:51 Fletching
ሰላምنعمة˙ʞɐɥʇ
6:50 Loom
9:02 Feudal Age
10:39 Double-Bit Axe
14:41 Fletching
23:13 Castle Age
21:17 Horse Collar
23:33 Padded Archer Armor
24:11 Thumb Ring
24:04 Bodkin Arrow
24:29 Bow Saw
24:21 Heavy Plow
24:13 Gold Mining
24:53 Husbandry
26:08 Wheelbarrow
25:19 Town Watch
28:58 Town Watch
30:44 Ballistics
33:07 Leather Archer Armor
33:07 Bloodlines
33:30 Stone Mining
34:44 Hand Cart
37:05 Gold Shaft Mining
39:21 Imperial Age
Note1984
7:40 Loom
10:05 Feudal Age
10:36 Horse Collar
18:31 Forging
18:28 Scale Barding Armor
21:10 Castle Age
20:45 Gold Mining
21:13 Bloodlines
22:20 Husbandry
22:32 Heavy Plow
22:19 Double-Bit Axe
23:22 Bow Saw
24:19 Fletching
25:00 Stone Mining
29:02 Wheelbarrow
29:05 Chain Barding Armor
30:53 Hand Cart
32:14 Stone Shaft Mining
34:24 Town Watch
35:54 Vendel Legacy
Lando_Nico
7:28 Loom
9:55 Feudal Age
18:57 Double-Bit Axe
25:08 Horse Collar
30:48 Castle Age
32:43 Wheelbarrow
32:11 Heavy Plow
32:25 Bow Saw
34:47 Hand Cart
Dr. Pipe
11:43 Feudal Age
14:04 Double-Bit Axe
17:04 Castle Age
16:18 Scale Barding Armor
16:25 Horse Collar
18:13 Bloodlines
18:00 Light Cavalry
19:24 Forging
23:49 Wheelbarrow
25:14 Bow Saw
29:53 Iron Casting
30:00 Hand Cart
30:52 Fortified Wall
32:36 Gold Mining
33:39 Loom
40:30 Imperial Age
GreatPerson25
6:29 Loom
6:51 Loom
9:20 Feudal Age
10:03 Double-Bit Axe
16:06 Fletching
20:25 Gold Mining
25:41 Castle Age
26:16 Bodkin Arrow
25:43 Crossbowman
26:51 Bow Saw
31:21 Ballistics
Jonyboi
7:05 Loom
10:13 Feudal Age
12:38 Bloodlines
23:35 Castle Age
22:18 Gold Mining
22:26 Horse Collar
25:51 Husbandry
28:16 Wheelbarrow
28:05 Forging
28:00 Scale Barding Armor
28:54 Double-Bit Axe
30:17 Iron Casting
31:15 Town Watch
34:52 Gold Shaft Mining
34:24 Stone Mining
34:52 Bow Saw
34:43 Heavy Plow
37:20 Hand Cart
37:07 Town Patrol
Connection lost

Rejoining the realm…

Still unreachable

The connection could not be restored.

Session expired

The server has moved on; the page needs a fresh start.